 Dungeon Crawl Stone Soup version 0.21-a0-529-g8c7b3f5 (webtiles) character file.

52 slep the Chopper (level 3, -1/28 HPs)
             Began as a Demonspawn Gladiator on Dec 12, 2017.
             Slain by a kobold
             ... wielding a +0 short sword
              (2 damage)
             ... on level 2 of the Dungeon.
             The game lasted 00:03:29 (693 turns).

slep the Chopper (Demonspawn Gladiator)              Turns: 693, Time: 00:03:30

Health: -1/28      AC:  9    Str: 14    XL:     3   Next: 60%
Magic:  3/3        EV: 10    Int:  9    God:
Gold:   30         SH:  0    Dex: 15    Spells: 2/2 levels left

rFire    . . .     SeeInvis .   a - +0 war axe
rCold    . . .     Gourm    .   (no shield)
rNeg     . . .     Faith    .   g - +0 scale mail
rPois    .         Spirit   .   c - +0 helmet
rElec    .         Reflect  .   l - +0 cloak
rCorr    .         Harm     .   (no gloves)
MR       .....                  k - +0 pair of boots
Stlth    ..........             (no amulet)
HPRegen  0.09/turn              (no ring)
MPRegen  0.08/turn              (no ring)

@: no status effects
A: claws 1, hooves 1
a: no special abilities


You were on level 2 of the Dungeon.
You were not hungry.

You visited 1 branch of the dungeon, and saw 2 of its levels.

You collected 30 gold pieces.

Inventory:

Hand Weapons
 a - a +0 war axe (weapon)
Missiles
 d - 3 throwing nets (quivered)
Armour
 b - a +0 leather armour
 c - a +0 helmet (worn)
 g - a +0 scale mail (worn)
 k - a +0 pair of boots (worn)
 l - a +0 cloak (worn)
Scrolls
 e - a scroll of identify {unknown}
 h - a scroll of teleportation {unknown}
 m - a scroll of remove curse {unknown}
Potions
 j - 3 potions of curing {unknown}
Comestibles
 f - 3 bread rations
 i - a meat ration


   Skills:
 + Level 2.4 Fighting
 + Level 3.4 Axes
 + Level 1.9 Throwing
 + Level 0.9 Armour
 + Level 3.0 Dodging


You had 2 spell levels left.
You didn't know any spells.

Dungeon Overview and Level Annotations

Branches:
Dungeon (2/15)

Altars:


Innate Abilities, Weirdness & Mutations

You have sharp fingernails.
You have large cloven feet.


Message History

You now have 30 gold pieces (gained 10).
Found a stone staircase leading up.
There is a stone staircase leading up here.
m - a scroll labeled OPSIECS KUENE A kobold comes into view.
It is wielding a short sword.
The kobold shouts!
The kobold throws a stone.
The stone hits you but does no damage.
You see here a stone.
The kobold throws a stone.
The stone hits you but does no damage.
You see here a stone.
The kobold throws a stone.
The stone hits you but does no damage.
You see here a stone.
You closely miss the kobold. The kobold hits you but does no damage.
The kobold hits you with a short sword.
* * * LOW HITPOINT WARNING * * *
You closely miss the kobold. The kobold hits you with a short sword.
* * * LOW HITPOINT WARNING * * *
You closely miss the kobold. The kobold barely misses you.
The kobold hits you with a short sword.
You die...

..####...####
#......†.# #
###.#..#.####
#...##....†.( ##..
###..###.. ##...
#....# #.# #..#
#.##.##..#
#####.######<##.##.##
#..K@(((....<##.##.
#......########....
#......# ##.##
######## ..


You could see a kobold.

Vanquished Creatures
  3 worms (D:2)
  A dart slug (D:2)
  A ball python (D:1)
  3 giant cockroaches (D:1)
  7 goblins
  8 hobgoblins
  6 kobolds
  3 bats
  3 frilled lizards
  4 rats (D:1)
39 creatures vanquished.

Notes
Turn   | Place    | Note
-------+----------+-------------------------------------------
     0 | D:1      | slep the Demonspawn Gladiator began the quest for the Orb.
     0 | D:1      | Reached XP level 1. HP: 16/16 MP: 1/1
   118 | D:1      | Gained mutation: You have large cloven feet. [demonic ancestry]
   118 | D:1      | Reached XP level 2. HP: 10/22 MP: 2/2
   568 | D:2      | Gained mutation: You have sharp fingernails. [demonic ancestry]
   568 | D:2      | Reached XP level 3. HP: 28/28 MP: 3/3
   692 | D:2      | HP: 1/28 [kobold/short sword (4)]
   693 | D:2      | Slain by a kobold

Vault maps used:
D:1:      lemuel_arrival_broad_hall
D:2:      nicolae_qazlal_style_of_elements, first_bread, uniq_jessica

Skill      XL: |  1  2 |
---------------+-------+-----
Dodging        | 3 |  3.0
Axes           | 3 |  3.4
Fighting       | |  2.4
Throwing       | |  1.9
Armour         | |  0.9

Action                   || total
-------------------------++-------
Melee: War axe           ||   114
       Kick              ||    12
Armor: Leather armour    ||     6
       Scale mail        ||    47
Dodge: Dodged            ||    82

Table legend:
 A = Spawn XP
 B = Non-spawn XP
 C = Spawn XP percentage of total XP
 D = Spawn monster count
 E = Non-spawn monster count
 F = Spawn count percentage of total count
 G = Total turns spent on level
                    A         B        C        D         E        F      G
               +---------+---------+-------+---------+---------+-------+---------
         Total |       0 |      75 |   0.0 |       0 |      39 |   0.0 |   693
               +---------+---------+-------+---------+---------+-------+---------
           D:1 |       0 |      40 |   0.0 |       0 |      25 |   0.0 |   559
           D:2 |       0 |      35 |   0.0 |       0 |      14 |   0.0 |   134
               +---------+---------+-------+---------+---------+-------+---------
